 Dungeon Crawl Stone Soup version 0.30-a0-862-g1aabd4f9c5 (webtiles) character file.

Game seed: 5090614175260635967

91 qeuew the Conjurer (level 4, -2/40 HPs)
             Began as a Demonspawn Reaver on Mar 9, 2023.
             Was a Priest of Jiyva.
             Slain by an orc priest
             ... wielding a +0 trident
              (7 damage)
             ... on level 4 of the Dungeon.
             The game lasted 00:02:31 (2313 turns).

qeuew the Conjurer (Demonspawn Reaver)              Turns: 2313, Time: 00:02:32

Health: -2/40      AC:  3    Str: 14    XL:     4   Next: 34%
Magic:  7/7        EV: 12    Int: 14    God:    Jiyva [***...]
Gold:   53         SH:  0    Dex: 14    Spells: 7/8 levels left

rFire   . . .      SeeInvis .    a - +0 hand axe (vamp)
rCold   . . .      Faith    .    (no shield)
rNeg    . . .      Spirit   .    b - +0 leather armour
rPois   .          Reflect  .    (no helmet)
rElec   .          Rampage  .    (no cloak)
rCorr   +          Clarity  +    (no gloves)
Will    .....                    (no boots)
Stlth   ++                       (no amulet)
HPRegen 1.38/turn                (no ring)
MPRegen 0.45/turn                (no ring)

@: no status effects
A: thin skeletal structure 1, demonic guardian 1, clarity, robust 2, jelly
absorbing missiles
a: Renounce Religion, Oozemancy


You were on level 4 of the Dungeon.
You worshipped Jiyva.
Jiyva was most pleased with you.
You visited 1 branch of the dungeon, and saw 4 of its levels.

You collected 53 gold pieces.

Inventory:

Hand Weapons
 a - a +0 vampiric hand axe (weapon)
Armour
 b - a +0 leather armour (worn)
Jewellery
 h - a +6 ring of strength
Wands
 f - a wand of flame (17)
Scrolls
 c - 2 scrolls of identify
Potions
 d - a potion of curing
 e - 2 potions of might
 g - a potion of haste


   Skills:
 + Level 2.6 Fighting
 + Level 3.1 Axes
 + Level 1.2 Armour
 + Level 2.3 Dodging
 + Level 2.5 Spellcasting
 + Level 3.3 Conjurations


You had 7 spell levels left.
You knew the following spells:

 Your Spells              Type           Power      Damage    Failure   Level
a - Kiss of Death         Conj/Necr      24%        2d7       14%         1

Your spell library contained the following spells:

 Spells                   Type           Power      Damage    Failure   Level
 Magic Dart               Conj           44%        1d5       7%          1
 Searing Ray              Conj           22%        2d5       11%         2
 Momentum Strike          Conj/Tloc      12%        3d8       22%         2
 Cigotuvi's Dreadful Rot  Necr/Pois/Air  2%         N/A       38%         2
 Poisonous Vapours        Pois/Air       2%         N/A       38%         2
 Hailstorm                Conj/Ice       6%         3d4       38%         3
 Mephitic Cloud           Conj/Pois/Air  4%         N/A       47%         3
 Vhi's Electric Charge    Tloc/Air       2%         N/A       63%         3
 Fulminant Prism          Conj/Hex       3%         3d5       80%         4
 Arcjolt                  Conj/Air       3%         1d13      98%         5
 Maxwell's Capacitive Co  Air            0%         ∞         100%        8


Dungeon Overview and Level Annotations

Branches:
Dungeon (4/15)
 Temple: D:4-7

Altars:
Fedhas
Jiyva


Innate Abilities, Weirdness & Mutations

You have a somewhat thin skeletal structure. (Dex +2, Stealth+)
A weak demonic guardian rushes to your aid.
You possess an exceptional clarity of mind.
You are very robust. (+20% HP)
You have a small jelly attached to you that may absorb projectiles.


Message History

You are too injured to fight recklessly!
You are too injured to fight recklessly!
You are too injured to fight recklessly!
You are too injured to fight recklessly!
You are too injured to fight recklessly!
You are too injured to fight recklessly!
You are too injured to fight recklessly!
Unknown command.
You slash something!
You feel better.
Reactivating autopickup.
You feel a bit more experienced. The orc priest barely misses you.
You have reached level 4!
You feel agile.
Your demonic ancestry asserts itself...
You feel the presence of a demonic guardian.
You closely miss the orc. The orc barely misses you.
The orc priest closely misses you.
You closely miss the orc. The orc hits you but does no damage.
The orc priest calls down the wrath of Beogh upon you.
Beogh smites you!
A demonic guardian appears!
You hit the orc but do no damage.
The orc priest hits you from afar with a +0 trident.
The orc hits you but does no damage.
Your quasit closely misses the orc.
Your quasit claws the orc but does no damage. x2
The orc hits you with a +0 short sword. The orc priest barely misses you.
You barely miss the orc.
Your quasit closely misses the orc.
Your quasit claws the orc but does no damage. x2
The orc priest closely misses you. The orc hits you with a +0 short sword.
Your quasit barely misses the orc.
Your quasit claws the orc.
Your quasit barely misses the orc.
You closely miss the orc.
Your quasit barely misses the orc.
Your quasit claws the orc.
Your quasit closely misses the orc.
The orc priest hits you from afar with a +0 trident!
* * * LOW HITPOINT WARNING * * *
The orc hits you with a +0 short sword.
* * * LOW HITPOINT WARNING * * *
You hit the orc.
The orc is almost dead.
Your quasit bites the orc.
Your quasit closely misses the orc. x2
The orc priest hits you from afar with a +0 trident!
You die...

#
###.#####...#
...... ###
#..#....###
...... ..#
###.....##
......
#.###...###.##
.. #.....###
#..# ...
#......#
##.### ....
..####..#
#...# .....
.## #..#
###.###5.....
# #..#
#..@oo.....
###
#####o.##.#
.... ##.# #


You could see an orc priest, 2 orcs and a friendly quasit (summoned).

Vanquished Creatures
  An orc wizard (D:4)
  An adder (D:2)
  2 ufetubi (D:4)
  2 dart slugs
  An orc (D:4)
  7 bats
  3 endoplasms (D:1)
  2 giant cockroaches
  4 hobgoblins
  A quokka (D:3)
  3 ball pythons
  2 frilled lizards
  7 goblins
  3 kobolds (D:1)
  3 rats
42 creatures vanquished.

Vanquished Creatures (others)
  A gnoll (D:1)
  A dart slug (D:3)
  An endoplasm (D:2)
  A giant cockroach (D:2)
  3 hobgoblins
  A frilled lizard (D:2)
  A kobold (D:2)
  2 rats
11 creatures vanquished.

Grand Total: 53 creatures vanquished

Notes
Turn   | Place    | Note
-------+----------+-------------------------------------------
     0 | D:1      | qeuew the Demonspawn Reaver began the quest for the Orb.
     0 | D:1      | Reached XP level 1. HP: 16/16 MP: 3/3
   135 | D:1      | Found a faded altar of an unknown god.
   139 | D:1      | Gained mutation: You have a somewhat thin skeletal
                  | structure. (Dex +2, Stealth+) [demonic ancestry]
   139 | D:1      | Reached XP level 2. HP: 22/22 MP: 5/5
   142 | D:1      | Prayed at the altar of an unknown god.
   142 | D:1      | Became a worshipper of Jiyva Juadiz the Shapeless
   142 | D:1      | Reached * piety under Jiyva
   600 | D:2      | Reached ** piety under Jiyva
   785 | D:2      | HP: 1/22 [adder (1)]
   790 | D:2      | HP: 1/22 [poisoned by an adder]
   791 | D:2      | Reached XP level 3. HP: 1/28 MP: 6/6
  1620 | D:3      | Reached *** piety under Jiyva
  1883 | D:3      | Gained mutation: You have a small jelly attached to you
                  | that may absorb projectiles. [Jiyva's grace]
  1883 | D:3      | Gained mutation: You possess an exceptional clarity of
                  | mind. [Jiyva's grace]
  1883 | D:3      | Gained mutation: You are robust. (+10% HP) [Jiyva's grace]
  1883 | D:3      | Gained mutation: You are very robust. (+20% HP) [Jiyva's
                  | grace]
  1901 | D:3      | Reached skill level 1 in Armour
  2045 | D:3      | Found a blossoming altar of Fedhas.
  2308 | D:4      | Gained mutation: A weak demonic guardian rushes to your
                  | aid. [demonic ancestry]
  2308 | D:4      | Reached XP level 4. HP: 30/40 MP: 7/7
  2313 | D:4      | Slain by an orc priest

Illustrated notes

Levels and vault maps discovered:
D:1:      onia_arrival_pentagram, layout_basic,
          hellmonk_ecumenical_altar_slurped_away
D:2:      layout_basic
D:3:      layout_basic, fedhas_altar_4, minivault_25, hex_intersection
D:4:      layout_rooms

Skill      XL: |  1  2  3 |
---------------+----------+-----
Dodging        | 2 |  2.3
Axes           | 3 |  3.1
Armour         | 1 |  1.2
Fighting       | |  2.6
Spellcasting   | |  2.5
Conjurations   | |  3.3

Action                     |  1- 3 |  4- 6 || total
---------------------------+-------+-------++-------
  Melee: Hand axe          |   181 |     6 ||   187
         Punch             |     1 |       ||     1
    Use: Scroll            |     6 |       ||     6
         Potion            |     3 |       ||     3
   Stab: Sleeping          |     4 |       ||     4
 Armour: Leather armour    |    69 |     2 ||    71
  Dodge: Dodged            |   156 |     4 ||   160

Table legend: (Time is in decaauts)
 A = Elapsed time spent in this place.
 B = Non-inter-level travel time spent in this place.
 C = Inter-level travel time spent in this place.
 D = Time resting spent in this place.
 E = Time spent auto-exploring this place.
 F = Levels seen in this place.
 G = Mean time per level.
                   A        B        C        D        E       F      G
               +--------+--------+--------+--------+--------+-----+--------+
         Total |   2325 |   2242 |     83 |    100 |   1735 |   4 |  581.2 |
       Dungeon |   2325 |   2242 |     83 |    100 |   1735 |   4 |  581.2 |
               +--------+--------+--------+--------+--------+-----+--------+

Top non-repeatable levels by time:
     D:2: 962 daAuts
     D:3: 627 daAuts
     D:1: 575 daAuts
     D:4: 160 daAuts
